 Dungeon Sprint DCSS version 0.28.0-53-g5a82cb258f (webtiles) character file.

Game seed: 5544817595351770293

11 Zeld the Chopper (level 2, 0/42 HPs)
             Began as a Minotaur Berserker on June 5, 2022.
             Was a Follower of Trog.
             Slain by a rat (3 damage)
             ... in the Dungeon (Sprint IX: "|||||||||||||||||||||||||||||").
             The game lasted 00:00:06 (12 turns).

Zeld the Chopper (Minotaur Berserker)                 Turns: 12, Time: 00:00:07

Health: 0/42       AC:  2    Str: 21    XL:     2   Next: 13%
Magic:  1/1        EV: 12    Int:  4    God:    Trog [*.....]
Gold:   0          SH:  0    Dex:  9    Spells: 1/1 levels left

rFire   . . .      SeeInvis .   a - +0 hand axe
rCold   . . .      Faith    .   (no shield)
rNeg    . . .      Spirit   .   b - +0 animal skin
rPois   .          Reflect  .   (helmet restricted)
rElec   .          Harm     .   (no cloak)
rCorr   .          Rampage  .   (no gloves)
Will    .....      NoTele   +   (no boots)
Stlth   ..........              (no amulet)
HPRegen 0.14/turn               (no ring)
MPRegen 0.07/turn               (no ring)

@: berserking, very quick
A: horns 2, retaliatory headbutt
a: Renounce Religion, Berserk


You were in the Dungeon.
You worshipped Trog.
Trog was aware of your devotion.
You visited 1 branch

Inventory:

Hand Weapons
 a - a +0 hand axe (weapon)
Armour
 b - a +0 animal skin (worn)
Scrolls
 h - a scroll of blinking
Potions
 c - a potion of curing
 d - a potion of heal wounds
 e - a potion of haste
 f - 2 potions of magic
 g - a potion of berserk rage


   Skills:
 * Level 4.9 Fighting
 * Level 4.9 Axes
 - Level 2.4 Armour
 + Level 3.0 Dodging


You had one spell level left.
You didn't know any spells.
Your spell library was empty.

Dungeon Overview and Level Annotations

Branches:
Dungeon (1/1)

Altars:


Innate Abilities, Weirdness & Mutations

You have a pair of horns on your head.
You reflexively headbutt those who attack you in melee.


Message History

A gnoll, a rat, 2 giant cockroaches and a hobgoblin come into view.
The giant cockroach waves its antennae.
You closely miss the giant cockroach. You headbutt the giant cockroach.
You kill the giant cockroach!
Trog accepts your kill.
Your Fighting skill increases to level 4!
Your Axes skill increases to level 4!
You hit the gnoll. Your headbutt misses the gnoll.
The gnoll is lightly wounded.
The gnoll hits you with a +0 club!
You hit the gnoll but do no damage.
The gnoll is lightly wounded.
The gnoll hits you with a +0 club.
You hit the gnoll but do no damage.
The rat twitches its whiskers.
The gnoll closely misses you.
You are too injured to fight recklessly!
You hit the gnoll.
The gnoll is lightly wounded.
The gnoll barely misses you.
You are too injured to fight recklessly!
You closely miss the gnoll.
The gnoll is lightly wounded.
The gnoll hits you with a +0 club!
* * * LOW HITPOINT WARNING * * *
You are too injured to fight recklessly!
You closely miss the gnoll. Your headbutt misses the gnoll.
The gnoll is lightly wounded.
The gnoll barely misses you. You furiously retaliate!
You headbutt the gnoll.
You are too injured to fight recklessly!
A red film seems to cover your vision as you go berserk!
You feel yourself moving faster!
You feel mighty! The gnoll closely misses you. You furiously retaliate!
You headbutt the gnoll!
You kill the gnoll!
Trog accepts your kill.
Your Dodging skill increases to level 3!
You have reached level 2!
You feel a strong urge to attack something.
The rat bites you.
You die...

▓▓▓
▓<▓
▓.▓
▓.▓
▓.▓
▓@▓
▓r▓
▓B▓
▓g▓
▓.▓
▓.▓
▓+▓


You could see a giant cockroach, a hobgoblin and a rat.

Vanquished Creatures
  A gnoll (D)
  A giant cockroach (D)
2 creatures vanquished.

Notes
Turn   | Place    | Note
-------+----------+-------------------------------------------
     0 | D        | Zeld the Minotaur Berserker began the quest for the Orb.
     0 | D        | Reached XP level 1. HP: 19/19 MP: 0/0
     9 | D        | HP: 1/20 [gnoll/+0 club (8)]
    12 | D        | Reached XP level 2. HP: 3/28 MP: 1/1
    12 | D        | Slain by a rat

Illustrated notes

Levels and vault maps discovered:
D:        linesprint [early_d, line_temple, items_1, d_10, items_2, lair_1,
          lair_end, items_3, orc_1, orc_end, items_4, d_15, swamp_1, shoals_1,
          snake_1, spider_1, d_20, vaults_1, items_5, swamp_end, shoals_end,
          snake_end, spider_end, vaults_end, d_27, items_6, zot_1, zot_end,
          crypt_end, forest_end, elf_end, slime_end, tomb_end, abyss_end,
          pan_hell_end]

Skill      XL: |  1 |
---------------+----+-----
Fighting       | 4 |  4.9
Axes           | 4 |  4.9
Dodging        | 3 |  3.0
Armour         | |  2.4

Action                   || total
-------------------------++-------
Melee: Hand axe          ||     7
       Headbutt          ||     1
Invok: Berserk           ||     1
Dodge: Dodged            ||     4
